 Dungeon Crawl Stone Soup version 0.22.0-38-g04b72b8 (webtiles) character file.

3594 harcile the Cleaver (level 10, -1/88 HPs)
             Began as a Hill Orc Berserker on Aug 29, 2018.
             Was an Elder of Trog.
             Slain by a meliai zombie (2 damage)
             ... on level 8 of the Dungeon.
             The game lasted 00:17:03 (5503 turns).

harcile the Cleaver (Hill Orc Berserker)            Turns: 5503, Time: 00:17:03

Health: -1/88      AC: 10    Str: 31    XL:     10   Next: 10%
Magic:  10/10      EV: 14    Int:  7    God:    Trog [****..]
Gold:   439        SH:  8    Dex: 17    Spells: 9/9 levels left

rFire    . . .     SeeInvis +   t - +0 war axe (chop)
rCold    + . .     Gourm    .   k - +3 buckler
rNeg     + . .     Faith    .   F - +0 ring mail "Eliyrir" {rC+ Str+2 Stlth+}
rPois    .         Spirit   .   (no helmet)
rElec    .         Reflect  .   z - +0 cloak
rCorr    .         Harm     .   g - +0 pair of gloves
MR       +....                  (no boots)
Stlth    ++........             (no amulet)
HPRegen  0.24/turn              n - ring of protection from magic
MPRegen  0.12/turn              o - ring "Heiskigh" {rN+ Dex+3}

@: mighty
A: icy blue scales 1, see invisible, agile 2
a: Berserk, Trog's Hand, Brothers in Arms, Renounce Religion


You were on level 8 of the Dungeon.
You worshipped Trog.
Trog was greatly pleased with you.
You were not hungry.

You visited 1 branch of the dungeon, and saw 8 of its levels.

You collected 439 gold pieces.

Inventory:

Hand Weapons
 a - a +0 hand axe
 t - a +0 war axe of chopping (weapon)
Armour
 g - a +0 pair of gloves (worn)
 k - a +3 buckler (worn)
 z - a +0 cloak (worn)
 B - a +0 plate armour
 F - the +0 ring mail "Eliyrir" (worn) {rC+ Str+2 Stlth+}
   (You found it on level 7 of the Dungeon)

   It affects your strength (+2).
   It protects you from cold.
   It makes you more stealthy.
Jewellery
 n - a ring of protection from magic (left hand)
 o - the ring "Heiskigh" (right hand) {rN+ Dex+3}
   (You found it on level 6 of the Dungeon)

   [ring of positive energy]

   It affects your dexterity (+3).
   It protects you from negative energy.
 s - an uncursed ring of teleportation
Wands
 j - a wand of scattershot (3)
 p - a wand of iceblast (11)
 v - a wand of enslavement (11)
 E - a wand of flame (26)
Scrolls
 i - a scroll of identify
 m - 3 scrolls of remove curse
Potions
 d - 2 potions of curing
 f - a potion of brilliance
 h - a potion of invisibility
 l - a potion of might
 q - a potion of magic {unknown}
 w - a potion of berserk rage {unknown}
 x - a potion of flight {unknown}
 D - a potion of mutation
Comestibles
 c - 17 rations


   Skills:
 + Level 8.0 Fighting
 + Level 13.0 Axes
 + Level 5.9 Armour
 + Level 4.2 Dodging
 + Level 1.2 Stealth
 + Level 4.0 Shields


You had 9 spell levels left.
You didn't know any spells.
Your spell library was empty.

Dungeon Overview and Level Annotations

Branches:
Dungeon (8/15)             Temple (0/1) D:7
   Lair: D:8-11

Altars:
Ashenzari
Dithmenos
The Shining One

Shops:
D:5 !


Innate Abilities, Weirdness & Mutations

You are partially covered in icy blue scales. (AC +2)
You have supernaturally acute eyesight. (SInv)
You are very agile. (Dex +4)


Message History

* * * LOW HITPOINT WARNING * * *
The centaur warrior skeleton hits you but does no damage.
Unknown command.
You slash the hellwing!
The hellwing is moderately wounded.
You hit the centaur warrior skeleton.
You destroy the centaur warrior skeleton!
Trog accepts your kill.
Your Fighting skill increases to level 8!
Your Axes skill increases to level 13!
Your Shields skill increases to level 4!
You hear the slow hiss of a distant avalanche of sand.
The hellwing hits you.
* * * LOW HITPOINT WARNING * * *
The hellwing closely misses you.
You slash the hellwing!
The hellwing is heavily wounded.
You slash the meliai zombie! You block the meliai zombie's attack.
The meliai zombie barely misses you. The meliai zombie hits you.
You die...

,,,,,,,,** *,* *,#**,*
,,,,,,,,,********,* #####.###,*
,,,,,,*,,,,,,,,>,,###.......#,*
,,,,,,,,,*****#####.....#.#.#,***
,,,,***,,* #.......#.#,*,,,,,,
,,*****,,** #.###.#.#.#,,,,,***
,,,,,,,,,,* #.##....#.#****** *
,******,,,* #4##..#.#.# * ,*
*,,,* #.@Z....#.## * ,* *,,,*
####.......#*###***
*******,,,#######........#....,*
**,,,,,,,,...............#....,*
,,,,,,,,,,..................(.,*
**,,,,,,,88..P5..P.......#....,*
******,,,8...P5..........#,(..,*
* *,,,,....P....##.#.##****** *
*,,,,..P.8.P..##.#.#


You could see a hellwing and a meliai zombie.

Vanquished Creatures
  A centaur zombie (D:8)
  Prince Ribbit (D:5)
  A human (D:7)
  Eustachio (D:5)
  4 hogs (D:7)
  Edmund (D:4)
  A black bear (D:7)
  A phantom (D:6)
  2 ogres
  A centaur (D:5)
  A gnoll sergeant (D:6)
  5 bullfrogs (D:6)
  A scorpion (D:6)
  2 howler monkeys
  A crimson imp (D:4)
  A bullfrog zombie (D:7)
  2 centaur skeletons
  An orc priest (D:4)
  3 bullfrog skeletons
  3 hounds
  Natasha (thrice) (D:4)
  6 worker ants
  A worker ant zombie (D:2)
  16 gnolls
  8 adders
  A shadow imp (D:8)
  An adder zombie (D:7)
  3 adder skeletons
  2 worms (D:2)
  2 dart slugs
  4 leopard geckos
  12 orcs
  6 giant cockroaches
  9 goblins
  4 hobgoblins
  14 jackals
  A kobold (D:2)
  3 quokkas
  4 bats
  A frilled lizard (D:3)
  A goblin skeleton (D:4)
  A goblin zombie (D:4)
  4 hobgoblin zombies (D:4)
  A jackal skeleton (D:5)
  A kobold skeleton (D:4)
  2 kobold zombies (D:4)
  A leopard gecko skeleton (D:6)
  A leopard gecko zombie (D:6)
  8 rats
155 creatures vanquished.

Notes
Turn   | Place    | Note
-------+----------+-------------------------------------------
     0 | D:1      | harcile the Hill Orc Berserker began the quest for the Orb.
     0 | D:1      | Reached XP level 1. HP: 19/19 MP: 1/1
   296 | D:1      | Reached XP level 2. HP: 24/27 MP: 2/2
   691 | D:2      | Reached skill level 5 in Axes
   691 | D:2      | Reached XP level 3. HP: 33/33 MP: 3/3
   913 | D:2      | Reached ** piety under Trog
  1204 | D:2      | Reached XP level 4. HP: 36/40 MP: 4/4
  1647 | D:3      | Found a shadowy altar of Dithmenos.
  2039 | D:4      | Reached skill level 6 in Axes
  2039 | D:4      | Reached XP level 5. HP: 41/47 MP: 5/5
  2082 | D:4      | Noticed Edmund
  2104 | D:4      | Killed Edmund
  2104 | D:4      | Reached skill level 7 in Axes
  2104 | D:4      | Reached skill level 1 in Shields
  2104 | D:4      | Reached XP level 6. HP: 47/55 MP: 6/6
  2268 | D:4      | Reached skill level 8 in Axes
  2431 | D:4      | Reached *** piety under Trog
  2436 | D:4      | Reached XP level 7. HP: 60/60 MP: 7/7
  2493 | D:4      | Noticed Natasha
  2502 | D:4      | Killed Natasha
  2538 | D:4      | Found a glowing golden altar of the Shining One.
  2548 | D:4      | Received a gift from Trog
  2574 | D:4      | Reached skill level 5 in Fighting
  2620 | D:4      | Noticed Natasha
  2633 | D:4      | Killed Natasha
  2639 | D:4      | Noticed Natasha
  2645 | D:4      | Killed Natasha
  2801 | D:4      | Gained mutation: You are frail. (-10% HP) [potion of mutation]
  2801 | D:4      | Gained mutation: You have supernaturally acute eyesight. (SInv) [potion of mutation]
  2801 | D:4      | Lost mutation: You are frail. (-10% HP) [potion of mutation]
  2802 | D:4      | Gained mutation: You are resistant to hostile enchantments. (MR+) [potion of mutation]
  2802 | D:4      | Gained mutation: You possess an exceptional clarity of mind. [potion of mutation]
  2802 | D:4      | Gained mutation: You are frail. (-10% HP) [potion of mutation]
  2802 | D:4      | Gained mutation: You passively map a small area around you. [potion of mutation]
  2803 | D:4      | Lost mutation: You possess an exceptional clarity of mind. [potion of mutation]
  2803 | D:4      | Lost mutation: You are resistant to hostile enchantments. (MR+) [potion of mutation]
  2803 | D:4      | Gained mutation: You have a pair of small horns on your head. [potion of mutation]
  2803 | D:4      | Lost mutation: You are frail. (-10% HP) [potion of mutation]
  2818 | D:5      | Entered Level 5 of the Dungeon
  2872 | D:5      | Found Uryqusib's Distillery.
  2902 | D:5      | Noticed Eustachio
  2905 | D:5      | Killed Eustachio
  2905 | D:5      | Reached skill level 9 in Axes
  2905 | D:5      | Reached skill level 1 in Stealth
  2917 | D:5      | Reached XP level 8. HP: 69/69 MP: 8/8
  3009 | D:5      | Noticed Prince Ribbit
  3045 | D:5      | Killed Prince Ribbit
  3045 | D:5      | Reached skill level 10 in Axes
  3515 | D:6      | Got a crude brass ring
  3518 | D:6      | Reached **** piety under Trog
  3635 | D:6      | Reached skill level 11 in Axes
  3749 | D:6      | Found a shattered altar of Ashenzari.
  3763 | D:6      | Reached XP level 9. HP: 78/78 MP: 9/9
  4511 | D:7      | Found a staircase to the Ecumenical Temple.
  4676 | D:6      | Lost mutation: You have a pair of small horns on your head. [potion of mutation]
  4676 | D:6      | Lost mutation: You passively map a small area around you. [potion of mutation]
  4676 | D:6      | Gained mutation: You are partially covered in icy blue scales. (AC +2) [potion of mutation]
  4676 | D:6      | Gained mutation: You are agile. (Dex +2) [potion of mutation]
  4676 | D:6      | Gained mutation: You are very agile. (Dex +4) [potion of mutation]
  4843 | D:7      | Reached skill level 12 in Axes
  4843 | D:7      | Reached skill level 5 in Armour
  5157 | D:7      | Got a brightly glowing ring mail
  5168 | D:7      | Identified the +0 ring mail "Eliyrir" {rC+ Str+2 Stlth+} (You found it on level 7 of the Dungeon)
  5332 | D:7      | Identified the ring "Heiskigh" {rN+ Dex+3} (You found it on level 6 of the Dungeon)
  5416 | D:8      | Noticed a hellwing
  5417 | D:8      | Noticed a hellwing
  5493 | D:8      | Reached XP level 10. HP: 35/88 MP: 10/10
  5502 | D:8      | Reached skill level 13 in Axes
  5502 | D:8      | HP: 1/88 [hellwing (6)]
  5503 | D:8      | Slain by a meliai zombie

Skill      XL: |  1  2  3  4  5  6  7  8  9 10 |
---------------+-------------------------------+-----
Fighting       | 4 5 6 7 8 |  8.0
Axes           | 5 6 7 8 9 11 12 13 | 13.0
Dodging        | 2 3 4 |  4.2
Shields        | 1 2 3 4 |  4.0
Armour         | 3 4 5 |  5.9
Stealth        | 1 |  1.2

Action                   |  1- 3 |  4- 6 |  7- 9 | 10-12 || total
-------------------------+-------+-------+-------+-------++-------
Melee: Hand axe          |   103 |    66 |       |       ||   169
       War axe           |       |    59 |   228 |     7 ||   294
       Headbutt          |       |       |    21 |       ||    21
Invok: Berserk           |     4 |     5 |     8 |       ||    17
  Use: Potion            |     1 |       |     8 |     2 ||    11
       Scroll            |       |     3 |    15 |       ||    18
 Stab: Sleeping          |     1 |       |       |       ||     1
  Eat: Chunk             |     5 |     7 |    13 |       ||    25
       Ration            |       |       |     1 |     1 ||     2
Armor: Animal skin       |    12 |    11 |       |       ||    23
       Ring mail         |       |    34 |    67 |     9 ||   110
       Skin              |       |       |    14 |       ||    14
       Plate armour      |       |       |    12 |       ||    12
Dodge: Dodged            |    53 |    77 |   124 |     8 ||   262
Block: Buckler           |     9 |    39 |    73 |     4 ||   125
